 Dungeon Crawl Stone Soup version 0.24.0-123-gd5b16e6ec5 (webtiles) character file.

Game seed: 9557586161676216139, levelgen mode: deterministic

3110 FluffGlitter the Covert (level 9, -3/45 HPs)
             Began as a Spriggan Enchanter on Jan 12, 2020.
             Was a Follower of Wu Jian.
             Killed from afar by an electric eel (15 damage)
             ... with a bolt of electricity
             ... on level 8 of the Dungeon on Jan 13, 2020.
             The game lasted 01:36:27 (14932 turns).

FluffGlitter the Covert (Spriggan Enchanter)       Turns: 14932, Time: 01:36:28

Health: -3/45      AC:  3    Str:  4    XL:     9   Next: 60%
Magic:  19/19      EV: 24    Int: 19    God:    Wu Jian [*.....]
Gold:   342        SH:  0    Dex: 17    Spells: 6/20 levels left

rFire    . . .     SeeInvis +   q - +3 dagger
rCold    . . .     Gourm    .   (shield restricted)
rNeg     . . .     Faith    .   b - +0 robe
rPois    .         Spirit   .   (helmet restricted)
rElec    .         Reflect  .   t - +0 cloak
rCorr    .         Harm     .   (gloves unavailable)
MR       ++...                  (boots unavailable)
Stlth    ++++......             r - amulet of regeneration
HPRegen  0.55/turn              m - ring of wizardry
MPRegen  0.16/turn              l - ring of protection from magic

@: very quick
A: very small, unfitting armour, see invisible, herbivore, speed 3, slow
metabolism 2
a: Renounce Religion


You were on level 8 of the Dungeon.
You worshipped Wu Jian.
Wu Jian was aware of your devotion.
You were not hungry.

You visited 2 branches of the dungeon, and saw 10 of its levels.
You also visited: Ossuary and Bailey.

You collected 368 gold pieces.
You spent 26 gold pieces at shops.

Inventory:

Hand Weapons
 q - a +3 dagger (weapon)
   (You found it on level 5 of the Dungeon)
Missiles
 f - 78 stones (quivered)
 x - 24 arrows
Armour
 b - a +0 robe (worn)
 t - a +0 cloak (worn)
   (You found it on level 7 of the Dungeon)
Jewellery
 a - a +6 ring of dexterity
   (You found it on level 5 of the Dungeon)
 l - a ring of protection from magic (right hand)
   (You found it on level 6 of the Dungeon)
 m - a ring of wizardry (left hand)
   (You found it on level 3 of the Dungeon)
 r - an amulet of regeneration (around neck)
   (You found it on level 3 of the Dungeon)
Scrolls
 c - 2 scrolls of fog
 d - a scroll of identify {@r1}
 g - a scroll of enchant armour {unknown}
 i - 2 scrolls of remove curse {@r2}
 p - 4 scrolls of teleportation {@r4}
 v - a scroll of enchant weapon {unknown}
 w - a scroll of amnesia {unknown}
Potions
 h - 3 potions of ambrosia
 j - 2 potions of flight
 k - 2 potions of cancellation
 n - 3 potions of lignification {!q}
 o - 3 potions of invisibility
 u - a potion of brilliance
Comestibles
 e - 6 rations {!d}


   Skills:
 - Level 4.0 Fighting
 + Level 6.0 Short Blades
 - Level 8.1 Dodging
 + Level 9.6 Stealth
 - Level 6.0 Spellcasting
 - Level 9.0 Hexes


You had 6 spell levels left.
You knew the following spells:

 Your Spells              Type           Power        Failure   Level  Hunger
a - Corona                Hex            #####..      1%          1    None
b - Ensorcelled Hibernat  Hex/Ice        ###...       1%          2    None
c - Confuse               Hex            #####...     1%          3    ##.....
d - Sticks to Snakes      Tmut           #.......     7%          2    None
e - Tukima's Dance        Hex            #####...     1%          3    ##.....
s - Dazzling Spray        Conj/Hex       ###...       2%          3    ##.....

Your spell library contained the following spells:

 Spells                   Type           Power        Failure   Level  Hunger
 Beastly Appendage        Tmut           #.....       4%          1    None
 Spider Form              Tmut/Pois      #.........   13%         3    ##.....
 Ice Form                 Ice/Tmut       #.......     38%         4    ####...
 Blade Hands              Tmut           #.........   73%         5    #####..


Dungeon Overview and Level Annotations

Branches:
Dungeon (9/15)             Temple (1/1) D:5            Lair (0/6) D:8
Ossuary (visited)          Bailey (visited)
    Orc: D:9-12

Altars:
Ashenzari
Cheibriados
Dithmenos
Elyvilon
Fedhas
Gozag
Hepliaklqana
Kikubaaqudgha
Makhleb
Nemelex Xobeh
Okawaru
Qazlal
Ru
Sif Muna
Trog
Uskayaw
Vehumet
Wu Jian
Xom
Yredelemnul
Zin
The Shining One

Shops:
D:7 *

Annotations:
D:7 2 transporters, CannibalFerox's ghost, novice DgHu
D:8 Erica


Innate Abilities, Weirdness & Mutations

You are very small and have problems with some larger weapons.
You are too small for most types of armour.
You have supernaturally acute eyesight. (SInv)
You are a herbivore.
You cover ground extremely quickly.
You need to consume almost no food.


Message History

Level annotation: 2 transporters, CannibalFerox's ghost, novice DgHu
There is a stone staircase leading down here.
You start resting.
There is an entrance to Molumaam's Assorted Antiques here.
There is a stone staircase leading down here.
You climb downwards.
Level annotation: Erica
There is a stone staircase leading up here.
Erica screams, "Die!"
Erica laughs wildly.
There is a stone staircase leading up here.
You climb upwards.
Level annotation: 2 transporters, CannibalFerox's ghost, novice DgHu
There is a stone staircase leading down here.
There is an entrance to Molumaam's Assorted Antiques here.
There is a stone staircase leading down here.
You climb downwards.
Level annotation: Erica
There is a stone staircase leading up here. 2 hounds come into view.
The hound moves out of view.
An electric eel comes into view.
Found a staircase to the Lair.
The shadow imp shouts, "Slither hence, thou jarring clapper-clawed death-token!"
An electric eel comes into view.
The hound barks! x2
You hit the hound.
You hear a shout!
The electric eel shoots out a bolt of lightning at you!
The bolt of electricity hits you! The hound bites you.
You enter the shallow water.
Moving in this stuff is going to be slow.
The electric eel shoots out a bolt of lightning at you!
The bolt of electricity hits the shadow imp!
The shadow imp dies!
The bolt of electricity hits you!
You spin to attack the hound, but your attack speed is too slow for a blow to land.
The hound closely misses you.
The electric eel shoots out a bolt of lightning at you!
The bolt of electricity misses you.
The electric eel shoots out a bolt of lightning at you!
The bolt of electricity hits you!
* * * LOW HITPOINT WARNING * * *
The electric eel shoots out a bolt of lightning at you!
The bolt of electricity hits you.
* * * LOW HITPOINT WARNING * * *
There is a stone staircase leading up here.
The electric eel shoots out a bolt of lightning at you!
The bolt of electricity hits you!
You die...

#..().......<...@...
#(.(................
#.........[.........
##.....##...........
##.....###.....##†..
#.......#########...
#.............#####.
#.......####........
##.@...## *.#####..
##h..## *,* ##.
#h...## *,* ##
#.##..####.*******
#..........,,,,,*,
#......≈.≈.,,,,,*,
#......≈.≈.≈,≈,,*,
#.≈..≈.;≈≈≈≈≈≈,,*,
#.≈≈≈.≈.;≈≈≈≈,≈,,,


You could see 2 hounds and an electric eel.

Vanquished Creatures
  Pikel (D:4)
  Grinder (D:3)
  A hippogriff (D:7)
  2 hungry ghosts (D:7)
  Duvessa (D:7)
  An ice beast (D:7)
  A centaur (D:7)
  2 wolves
  Blork the orc (D:6)
  A bullfrog (D:7)
  Dowan (D:7)
  A scorpion (D:5)
  6 killer bees
  2 crimson imps (D:5)
  3 howler monkeys
  A bullfrog zombie (D:6)
  3 hounds
  4 human zombies (Ossuary)
  2 orc priests
  A bullfrog skeleton (D:7)
  2 centaur skeletons (D:4)
  3 orc wizards
  3 iguanas
  4 worker ants
  2 mummies (Ossuary)
  A howler monkey zombie (D:5)
  5 gnolls
  7 adders
  4 shadow imps
  An ooze (D:1)
  2 adder zombies
  2 adder skeletons
  4 worms
  2 dart slugs (D:2)
  4 leopard geckos
  15 orcs
  7 giant cockroaches
  9 goblins
  4 hobgoblins
  10 jackals
  6 quokkas
  3 ball pythons
  11 bats
  3 frilled lizards
  2 goblin zombies (Ossuary)
  9 hobgoblin zombies (Ossuary)
  3 jackal zombies (Ossuary)
  3 kobolds
  10 kobold zombies (Ossuary)
  2 leopard gecko zombies
  6 orc zombies (Ossuary)
  20 rats
  5 rat zombies
210 creatures vanquished.

Vanquished Creatures (others)
  A shadow imp (D:8)
  A quokka (D:6)
  6 plants (D:7)
8 creatures vanquished.

Grand Total: 218 creatures vanquished

Notes
Turn   | Place    | Note
-------+----------+-------------------------------------------
     0 | D:1      | FluffGlitter the Spriggan Enchanter began the quest for the
                  | Orb.
     0 | D:1      | Reached XP level 1. HP: 9/9 MP: 5/5
  1130 | D:1      | Reached skill level 5 in Stealth
  1130 | D:1      | Reached XP level 2. HP: 13/13 MP: 4/6
  1257 | D:1      | Learned a level 2 spell: Ensorcelled Hibernation
  2099 | D:1      | Reached XP level 3. HP: 16/16 MP: 2/8
  2625 | D:2      | Found a faded altar of an unknown god.
  2768 | D:2      | Found a hazy altar of Hepliaklqana.
  2771 | D:2      | Found an ornate altar of the Wu Jian Council.
  2774 | D:2      | Found a blossoming altar of Fedhas.
  2777 | D:2      | Found an iron altar of Okawaru.
  3384 | D:2      | Reached XP level 4. HP: 21/21 MP: 2/9
  3604 | D:2      | Found a blossoming altar of Fedhas.
  3730 | D:2      | Found a glowing silver altar of Zin.
  3768 | D:2      | Noticed an angel
  3965 | D:3      | Learned a level 3 spell: Confuse
  4379 | D:3      | Reached XP level 5. HP: 24/24 MP: 7/10
  4814 | D:3      | Noticed Grinder
  4828 | D:3      | Killed Grinder
  4828 | D:3      | Reached skill level 5 in Short Blades
  4828 | D:3      | Reached XP level 6. HP: 28/28 MP: 7/11
  4998 | D:3      | Learned a level 3 spell: Dazzling Spray
  5259 | D:3      | Found a snail-covered altar of Cheibriados.
  5913 | D:4      | Noticed a slave
  6821 | D:4      | Reached XP level 7. HP: 30/32 MP: 6/13
  6887 | D:5      | Entered Level 5 of the Dungeon
  7096 | D:4      | Found a sacrificial altar of Ru.
  7109 | D:4      | Noticed Pikel
  7322 | D:4      | Killed Pikel
  7322 | D:4      | Reached skill level 5 in Spellcasting
  7423 | D:4      | Reached XP level 8. HP: 35/36 MP: 13/18
  7825 | D:6      | Noticed Blork the orc
  7836 | D:6      | Killed Blork the orc
  7911 | D:6      | Found a sand-covered staircase.
  7945 | Ossuary  | Entered an ossuary
  8544 | Ossuary  | Reached skill level 1 in Fighting
  9657 | D:5      | Found a sacrificial altar of Ru.
  9970 | D:5      | Found a staircase to the Ecumenical Temple.
 10015 | Temple   | Entered the Ecumenical Temple
 10379 | D:2      | Became a worshipper of the Wu Jian Council
 10500 | D:5      | Reached skill level 5 in Dodging
 11080 | D:6      | Found a white marble altar of Elyvilon.
 11784 | D:7      | Reached XP level 9. HP: 43/44 MP: 11/19
 12017 | D:8      | Found a flagged portal.
 12142 | Bailey   | Entered a bailey
 12330 | D:7      | Noticed Duvessa
 12341 | D:7      | Noticed Dowan
 12353 | D:7      | Killed Dowan
 12379 | D:7      | Killed Duvessa
 12526 | D:7      | Found Molumaam's Assorted Antiques.
 12750 | D:7      | Reached * piety under Wu Jian
 12813 | D:7      | Bought a fuming grey potion for 26 gold pieces
 13179 | D:7      | Noticed CannibalFerox's ghost (novice DgHu)
 13207 | D:7      | Found a transporter.
 13213 | D:7      | Found a transporter.
 13216 | D:7      | Identified the +7 spear "Ygogalas" {venom, rPois}
 13402 | D:8      | Noticed Erica
 14040 | D:7      | Learned a level 2 spell: Sticks to Snakes
 14367 | D:8      | HP: 2/45 [electric eel/bolt of electricity (11)]
 14747 | D:7      | Learned a level 3 spell: Tukima's Dance
 14915 | D:8      | Found a staircase to the Lair.
 14932 | D:8      | Killed from afar by an electric eel

Levels and vault maps discovered:
D:1:      dpeg_arrival_oval, layout_loops_ring
D:2:      layout_rooms, zin_angel, grunt_temple_overflow_cloverleaf,
          chequers_ecumenical_altar_grove, first_ration, fedhas_altar_1
D:3:      layout_basic, lemuel_crystal_altar, minmay_rat_hole, uniq_grinder
D:4:      layout_loops_corners, old_standard_altar, uniq_pikel
D:5:      minmay_diamond_boxcup, layout_basic, minmay_temple_entry_stoned_glass,
          roderic_serpentine_path, nicolae_ru_path_of_blood
D:6:      layout_basic, elyvilon_altar_4, enter_ossuary_4, uniq_blork_the_orc
D:7:      layout_basic, gammafunk_ghost_gnarly_gnolls, serial_shops,
          shop_statue, uniq_duvessa
D:8:      layout_rooms, erik_lair_island, enter_bailey_7, uniq_erica
D:9:      layout_roguey, grunt_pizzeria, tgw_sif
Temple:   minmay_temple_curvy_branch

Skill      XL: |  1  2  3  4  5  6  7  8  9 |
---------------+----------------------------+-----
Stealth        | 5 6 7 8 9 |  9.6
Short Blades   | 2 3 5 6 |  6.0
Spellcasting   | 3 6 |  6.0
Hexes          | 4 6 8 9 |  9.0
Fighting       | 3 4 |  4.0
Dodging        | 6 8 |  8.1

Action                   |  1- 3 |  4- 6 |  7- 9 || total
-------------------------+-------+-------+-------++-------
Melee: Dagger            |   134 |   307 |   589 ||  1030
Throw: Stone             |       |       |    62 ||    62
 Cast: Corona            |    25 |       |       ||    25
       Ensorcelled Hiber |    32 |    39 |    53 ||   124
       Confuse           |       |     7 |    42 ||    49
       Dazzling Spray    |       |     1 |     2 ||     3
       Sticks to Snakes  |       |       |     9 ||     9
       Tukima's Dance    |       |       |     3 ||     3
Invok: Lunge             |       |       |    31 ||    31
       Whirlwind         |       |       |     8 ||     8
  Use: Scroll            |       |     8 |     9 ||    17
       Potion            |       |       |     1 ||     1
 Stab: Sleeping          |    19 |    22 |    46 ||    87
       Distracted        |       |     1 |     3 ||     4
       Confused          |       |     5 |    28 ||    33
  Eat: Ration            |     1 |     4 |     6 ||    11
Armor: Robe              |    16 |    19 |    20 ||    55
Dodge: Dodged            |   132 |   189 |   428 ||   749
